cohdb
Replays
Latest Replays
All Replays
Popular Replays
Top Player Replays
Match Explorer
How It Works
Community
CoH3 Stats
Reddit
Sign in to upload your games and track your stats! →
Sign in with Steam
Match 41195491
Unlisted
Match 41195491
Overview
Messages
Build Orders
End
Construct Section Command Post
Selects Heavy Armor Battlegroup
Infantry Section
Infantry Section
Infantry Section
Infantry Section
Selects Rigorous Vehicle Training
Construct Platoon Command Post
Selects Forward Repair Assembly
6-pounder Anti-tank Gun Team
Construct Field Infirmary
6-pounder Anti-tank Gun Team
Infantry Training
6-pounder Anti-tank Gun Team
Grenade Package
6-pounder Anti-tank Gun Team
Null
grun59
0
0
Comments
sign in to comment!
No comments posted yet!